Senateurs vs Predators
Created - March 22, 2020 at 19:27
Goals
|
| Senateurs |
0 |
0 |
1 |
1 |
| Predators |
1 |
0 |
2 |
3 |
|
Shots
|
| Senateurs |
5 |
8 |
12 |
25 |
| Predators |
11 |
9 |
10 |
30 |
|
1st period
1. Predators , Justin Abdelkader 7 (Alexander Edler 32, Ryan Mcdonagh 21) at 10:15
Penalties :
Ryan Kesler (Nas) for Roughing (Minor) at 4:22, Mikael Granlund (Nas) for Hooking (Minor) at 10:30
2nd period
No Goal
Penalties :
Jamie Benn (Ott) for Holding (Minor) at 0:22, Justin Abdelkader (Nas) for Interference (Minor) at 13:52, Maxim Afinogenov (Nas) for Hooking (Minor) at 19:39
3rd period
2. Predators , Andy Miele 12 (Alexander Edler 33) at 8:53 (SH)
3. Senateurs , Daniel Sedin 18 (Evgeni Malkin 43, Colby Armstrong 18) at 17:13
4. Predators , Alexander Ovechkin 27 (Brendan Gallagher 33, John Moore 22) at 18:12
Penalties :
Evgeni Malkin (Ott) for Hooking (Minor) at 4:00, Ryan Mcdonagh (Nas) for Holding (Minor) at 8:10
Goalie Stats
Ondrej Pavelec (Ott), 27 saves from 30 shots - (0.900), L, 27-14-5, 60:00 minutes
Viktor Fasth (Nas), 24 saves from 25 shots - (0.960), W, 27-14-6, 60:00 minutes
Players Stats for Senateurs
Player Name G A P +/- PIM S H SB GA TA FO MP PP MP PK MP
------------------------------------------------------------------------------------
Arturs Kulda 0 0 0 0 0 0 0 0 0 2 0/0 8:43 0:00 0:31
Carlo Colaiacovo 0 0 0 -1 0 0 0 1 0 1 0/0 14:49 0:21 2:01
Cody Franson 0 0 0 1 0 2 4 1 0 3 0/0 26:53 6:28 2:28
Colby Armstrong 0 1 1 0 0 2 3 1 0 2 2/2 18:31 4:02 0:00
Daniel Briere 0 0 0 0 0 4 1 0 0 0 0/6 13:18 0:00 1:10
Daniel Sedin 1 0 1 0 0 2 2 2 0 0 1/1 19:08 4:02 0:37
Dion Phaneuf 0 0 0 0 0 1 1 1 1 0 0/0 8:03 2:24 0:00
Duncan Keith 0 0 0 -2 0 0 1 0 0 1 0/0 19:59 3:27 1:30
Evgeni Malkin 0 1 1 0 2 2 2 1 2 0 5/13 19:55 4:02 1:19
Jamie Benn 0 0 0 -2 2 0 1 0 0 0 2/2 20:20 5:53 0:53
Mark Giordano 0 0 0 0 0 1 1 3 1 0 0/0 21:46 3:43 0:00
Nate Prosser 0 0 0 -2 0 0 3 1 0 0 0/0 19:47 3:27 1:26
Phil Kessel 0 0 0 -2 0 1 4 0 0 0 0/3 19:45 5:53 0:23
Radim Vrbata 0 0 0 0 0 2 0 0 0 0 0/0 12:28 0:00 0:00
Ryan Hollweg 0 0 0 0 0 1 1 1 0 0 0/0 7:11 0:00 1:06
Sergei Kostitsyn 0 0 0 0 0 2 2 0 1 0 0/0 13:13 0:00 0:00
Sidney Crosby 0 0 0 -2 0 4 1 1 0 0 12/33 26:24 5:53 2:22
Stephane Da Costa 0 0 0 0 0 1 0 0 0 0 2/7 5:47 0:00 0:06
Players Stats for Predators
Player Name G A P +/- PIM S H SB GA TA FO MP PP MP PK MP
------------------------------------------------------------------------------------
Alex Killorn 0 0 0 0 0 0 1 0 0 0 1/1 10:05 0:00 0:00
Alexander Edler 0 2 2 1 0 2 1 2 0 0 0/0 28:10 2:16 6:20
Alexander Ovechkin 1 0 1 0 0 2 0 0 1 1 14/16 24:30 2:21 6:32
Alexander Steen 0 0 0 0 0 0 0 0 1 0 0/0 14:55 1:37 0:26
Andy Miele 1 0 1 1 0 2 0 1 0 0 9/13 14:28 0:05 3:09
Brendan Gallagher 0 1 1 0 0 3 1 1 3 0 0/2 23:36 2:16 6:15
Denis Grebeshkov 0 0 0 0 0 1 0 1 0 0 0/0 11:42 0:00 0:00
Joel Armia 0 0 0 1 0 1 1 0 0 0 0/0 7:01 0:00 0:00
John Moore 0 1 1 1 0 0 2 1 1 0 0/0 20:08 1:42 3:35
Justin Abdelkader 1 0 1 1 2 2 1 0 0 0 0/0 8:49 0:05 0:43
Maxim Afinogenov 0 0 0 1 2 3 1 1 1 1 0/0 14:06 0:00 2:35
Mikael Granlund 0 0 0 0 2 4 2 0 1 0 6/15 17:24 1:37 0:10
Nate Schmidt 0 0 0 0 0 0 0 1 0 0 0/0 15:52 0:00 3:35
Niclas Bergfors 0 0 0 0 0 2 0 0 0 0 2/2 13:30 1:37 0:00
Nik Antropov 0 0 0 1 0 1 1 0 0 0 2/3 7:01 0:00 0:00
Ryan Kesler 0 0 0 0 2 5 0 0 0 0 9/15 14:34 2:16 0:00
Ryan Mcdonagh 0 1 1 0 2 1 1 3 1 2 0/0 26:35 2:16 5:27
Ryan Murray 0 0 0 2 0 1 0 1 0 1 0/0 17:34 1:42 0:53
3 Stars
1 - Viktor Fasth (Nas)
2 - Alexander Edler (Nas)
3 - Andy Miele (Nas)
Power Play
Senateurs - 0 on 5 Attempt(s) - 0.00%
Predators - 0 on 2 Attempt(s) - 0.00%
Penalty Kill
Senateurs - 2 on 2 Attempt(s) - 100.00%
- Score 0 goal in Penalty Kill
Predators - 5 on 5 Attempt(s) - 100.00%
- Score 1 goal in Penalty Kill
Team Stat
Senateurs - Hits : 27 - Faceoff Wins : 24 - Blocked Shots : 13 - Penalty Minutes : 4
Predators - Hits : 12 - Faceoff Wins : 43 - Blocked Shots : 12 - Penalty Minutes : 10
Official
Referees : Unknown
Linesman : Unknown
Game Notes
Dion Phaneuf is injured at 16:10 of 1st period (Groin)
Finance
Level 1 -- Attendance: 6000 (100.00%) -- Ticket Income $630,000
Level 2 -- Attendance: 4198 (83.96%) -- Ticket Income $285,464
Level 3 -- Attendance: 1872 (93.60%) -- Ticket Income $78,624
Level 4 -- Attendance: 2961 (74.03%) -- Ticket Income $88,830
Luxury Box -- Attendance: 762 (76.20%) -- Ticket Income $152,400
Game was played at the Wildcat center.
Total Attendance: 15793 (87.74%)
Total Ticket Income: $1,235,318
Other Income: $185,298
Total Income: $1,420,616
Senateurs
5 vs 5 Forward
Center Left Wing Right Wing Time % Phy DF OF
1 Sidney Crosby Jamie Benn Phil Kessel 40 1 2 2
2 Evgeni Malkin Daniel Sedin Colby Armstrong 30 1 2 2
3 Daniel Briere Sergei Kostitsyn Radim Vrbata 20 1 2 2
4 Stephane Da Costa Ryan Hollweg Sidney Crosby 10 1 2 2
5 vs 5 Defense
Defense Defense Time % Phy DF OF
1 Dion Phaneuf Cody Franson 40 1 2 2
2 Duncan Keith Nate Prosser 30 1 2 2
3 Mark Giordano Carlo Colaiacovo 20 1 2 2
4 Arturs Kulda Dion Phaneuf 10 1 2 2
PowerPlay Forward
Center Left Wing Right Wing Time % Phy DF OF
1 Sidney Crosby Jamie Benn Phil Kessel 60 1 2 2
2 Evgeni Malkin Daniel Sedin Colby Armstrong 40 1 2 2
PowerPlay Defense
Defense Defense Time % Phy DF OF
1 Dion Phaneuf Cody Franson 60 1 2 2
2 Duncan Keith Nate Prosser 40 1 2 2
Penalty Kill 4 Players Forward
Center Wing Time % Phy DF OF
1 Sidney Crosby Evgeni Malkin 60 1 2 2
2 Phil Kessel Daniel Briere 40 1 2 2
Penalty Kill 4 Players Defense
Defense Defense Time % Phy DF OF
1 Dion Phaneuf Cody Franson 60 1 2 2
2 Duncan Keith Nate Prosser 40 1 2 2
Penalty Kill - 3 Players Forward
Forward Time % Phy DF OF
1 Sidney Crosby 60 1 2 2
2 Evgeni Malkin 40 1 2 2
Penalty Kill - 3 Players Defense
Defense Defense Time % Phy DF OF
1 Dion Phaneuf Cody Franson 60 1 2 2
2 Duncan Keith Nate Prosser 40 1 2 2
4 vs 4 Forward
Center Wing Time % Phy DF OF
1 Sidney Crosby Evgeni Malkin 60 1 2 2
2 Phil Kessel Daniel Briere 40 1 2 2
4 vs 4 Defense
Defense Defense Time % Phy DF OF
1 Dion Phaneuf Cody Franson 60 1 2 2
2 Duncan Keith Nate Prosser 40 1 2 2
Last Minutes Offensive
Center Left Wing Right Wing Defense Defense
Sidney Crosby Jamie Benn Phil Kessel Dion Phaneuf Cody Franson
Last Minutes Defensive
Center Left Wing Right Wing Defense Defense
Sidney Crosby Jamie Benn Phil Kessel Dion Phaneuf Cody Franson
Goaltenders
Starting : Ondrej Pavelec
Backup : Roberto Luongo
Extra Forwards
Normal : Sergei Kostitsyn, Radim Vrbata, Ryan Hollweg - PP : Sergei Kostitsyn, Radim Vrbata - PK : Ryan Hollweg
Extra Defensemen
Normal : Mark Giordano, Carlo Colaiacovo, Arturs Kulda - PP : Mark Giordano - PK : Carlo Colaiacovo, Arturs Kulda
Penalty Shots
Sidney Crosby, Evgeni Malkin, Phil Kessel, Daniel Briere, Jamie Benn
Scratches
Chris Kunitz (Healthy), Michel Ouellet (Healthy)
Predators
5 vs 5 Forward
Center Left Wing Right Wing Time % Phy DF OF
1 Mikael Granlund Alexander Ovechkin Brendan Gallagher 40 1 1 3
2 Ryan Kesler Alexander Steen Niclas Bergfors 30 1 2 2
3 Andy Miele Alex Killorn Maxim Afinogenov 20 1 2 2
4 Nik Antropov Justin Abdelkader Joel Armia 10 1 2 2
5 vs 5 Defense
Defense Defense Time % Phy DF OF
1 Ryan Mcdonagh Alexander Edler 40 1 2 2
2 John Moore Ryan Murray 30 1 2 2
3 Nate Schmidt Denis Grebeshkov 20 1 2 2
4 Ryan Mcdonagh Alexander Edler 10 1 2 2
PowerPlay Forward
Center Left Wing Right Wing Time % Phy DF OF
1 Ryan Kesler Alexander Ovechkin Brendan Gallagher 60 1 1 3
2 Mikael Granlund Alexander Steen Niclas Bergfors 40 1 1 3
PowerPlay Defense
Defense Defense Time % Phy DF OF
1 Ryan Mcdonagh Alexander Edler 60 1 1 3
2 John Moore Ryan Murray 40 1 1 3
Penalty Kill 4 Players Forward
Center Wing Time % Phy DF OF
1 Alexander Ovechkin Brendan Gallagher 60 1 2 2
2 Andy Miele Maxim Afinogenov 40 1 2 2
Penalty Kill 4 Players Defense
Defense Defense Time % Phy DF OF
1 Ryan Mcdonagh Alexander Edler 60 1 3 1
2 John Moore Nate Schmidt 40 1 3 1
Penalty Kill - 3 Players Forward
Forward Time % Phy DF OF
1 Andy Miele 60 1 2 2
2 Alexander Ovechkin 40 1 2 2
Penalty Kill - 3 Players Defense
Defense Defense Time % Phy DF OF
1 Ryan Mcdonagh Alexander Edler 60 1 2 2
2 John Moore Nate Schmidt 40 1 2 2
4 vs 4 Forward
Center Wing Time % Phy DF OF
1 Alexander Ovechkin Brendan Gallagher 60 1 2 2
2 Niclas Bergfors Brendan Gallagher 40 1 2 2
4 vs 4 Defense
Defense Defense Time % Phy DF OF
1 Ryan Mcdonagh Alexander Edler 60 1 2 2
2 John Moore Denis Grebeshkov 40 1 2 2
Last Minutes Offensive
Center Left Wing Right Wing Defense Defense
Ryan Kesler Alexander Ovechkin Niclas Bergfors Ryan Mcdonagh Alexander Edler
Last Minutes Defensive
Center Left Wing Right Wing Defense Defense
Ryan Kesler Alexander Ovechkin Andy Miele Ryan Mcdonagh John Moore
Goaltenders
Starting : Viktor Fasth
Backup : Anders Lindback
Extra Forwards
Normal : Justin Abdelkader, Andy Miele, Maxim Afinogenov - PP : Justin Abdelkader, Andy Miele - PK : Justin Abdelkader
Extra Defensemen
Normal : Ryan Murray, Nate Schmidt, Denis Grebeshkov - PP : Denis Grebeshkov - PK : Ryan Murray, Nate Schmidt
Penalty Shots
Alexander Ovechkin, Niclas Bergfors, Ryan Kesler, Mikael Granlund, Maxim Afinogenov
Scratches
Byron Bitz (Broken Bone (Right Arm) Injury), Dmitri Kalinin (Healthy)
% Time on Ice - Senateurs
Lines # - Real PCT - Wanted PCT - Time Play
Normal Forward
1 - 30% - 40% - 13:56
2 - 31% - 30% - 14:15
3 - 27% - 20% - 12:15
4 - 12% - 10% - 5:41
Normal Defense
1 - 39% - 40% - 18:05
2 - 32% - 30% - 14:54
3 - 12% - 20% - 5:35
4 - 16% - 10% - 7:33
PP Forward
1 - 59% - 60% - 5:53
2 - 41% - 40% - 4:02
PP Defense
1 - 65% - 60% - 6:28
2 - 35% - 40% - 3:27
PK Forward
1 - 90% - 60% - 3:35
2 - 10% - 40% - 0:23
PK Defense
1 - 64% - 60% - 2:32
2 - 36% - 40% - 1:26
PK3 Forward
1 - 0% - 60%
2 - 0% - 40%
PK3 Defense
1 - 0% - 60%
2 - 0% - 40%
44 Forward
1 - 0% - 60%
2 - 0% - 40%
44 Defense
1 - 0% - 60%
2 - 0% - 40%
Last Minute Offensive - 0:00
Last Minute Defensive - 0:00
Total
Forward - 60:00
Defense - 60:00
|
% Time on Ice - Predators
Lines # - Real PCT - Wanted PCT - Time Play
Normal Forward
1 - 36% - 40% - 16:31
2 - 27% - 30% - 12:35
3 - 22% - 20% - 10:05
4 - 15% - 10% - 6:56
Normal Defense
1 - 40% - 40% - 18:33
2 - 32% - 30% - 14:51
3 - 25% - 20% - 11:42
4 - 2% - 10% - 1:01
PP Forward
1 - 59% - 60% - 2:21
2 - 41% - 40% - 1:37
PP Defense
1 - 57% - 60% - 2:16
2 - 43% - 40% - 1:42
PK Forward
1 - 68% - 60% - 6:46
2 - 32% - 40% - 3:09
PK Defense
1 - 64% - 60% - 6:20
2 - 36% - 40% - 3:35
PK3 Forward
1 - 0% - 60%
2 - 0% - 40%
PK3 Defense
1 - 0% - 60%
2 - 0% - 40%
44 Forward
1 - 0% - 60%
2 - 0% - 40%
44 Defense
1 - 0% - 60%
2 - 0% - 40%
Last Minute Offensive - 0:00
Last Minute Defensive - 0:00
Total
Forward - 60:00
Defense - 60:00
|
Play-by-Play
1st period
0:01 of 1st period - Sidney Crosby wins face-off versus Mikael Granlund in neutral zone.
0:43 of 1st period - Icing by Cody Franson.
0:44 of 1st period - Evgeni Malkin wins face-off versus Andy Miele in Senateurs zone.
1:34 of 1st period - Evgeni Malkin is hit by Joel Armia and loses puck.
1:42 of 1st period - Off-side.
1:43 of 1st period - Sidney Crosby wins face-off versus Ryan Kesler in neutral zone.
1:48 of 1st period - Wrist shot by Sidney Crosby.
1:48 of 1st period - Deflect By Jamie Benn.
1:48 of 1st period - Shot Misses the Net.
1:48 of 1st period - Puck is out of play.
1:49 of 1st period - Ryan Kesler wins face-off versus Sidney Crosby in Predators zone.
1:58 of 1st period - Snap shot by Niclas Bergfors.
1:58 of 1st period - Stopped by Ondrej Pavelec with a rebound.
2:04 of 1st period - Slapshot by Sidney Crosby.
2:04 of 1st period - Stopped by Viktor Fasth with a rebound.
2:28 of 1st period - Wrist shot by Alexander Ovechkin.
2:28 of 1st period - Shot Misses the Net.
2:37 of 1st period - Off-side.
2:38 of 1st period - Daniel Sedin wins face-off versus Andy Miele in neutral zone.
2:41 of 1st period - Snap shot by Evgeni Malkin.
2:41 of 1st period - Shot Blocked by Andy Miele.
2:49 of 1st period - Snap shot by Maxim Afinogenov.
2:49 of 1st period - Shot Blocked by Dion Phaneuf.
2:51 of 1st period - Slapshot by Ryan Mcdonagh.
2:51 of 1st period - Shot Misses the Net.
2:53 of 1st period - Snap shot by Andy Miele.
2:53 of 1st period - Stopped by Ondrej Pavelec with a rebound.
3:47 of 1st period - Wrist shot by Evgeni Malkin.
3:47 of 1st period - Deflect By Daniel Sedin.
3:47 of 1st period - Shot Misses the Net.
3:47 of 1st period - Puck is out of play.
3:48 of 1st period - Evgeni Malkin wins face-off versus Mikael Granlund in Predators zone.
3:53 of 1st period - Wrist shot by Daniel Sedin.
3:53 of 1st period - Shot Misses the Net.
4:22 of 1st period - Minor Penalty to Ryan Kesler for Roughing.
4:23 of 1st period - Alexander Ovechkin wins face-off versus Sidney Crosby in Predators zone.
4:39 of 1st period - Snap shot by Sidney Crosby.
4:39 of 1st period - Stopped by Viktor Fasth with a rebound.
4:49 of 1st period - Ryan Mcdonagh is hit by Dion Phaneuf and loses puck.
5:08 of 1st period - Maxim Afinogenov is hit by Nate Prosser and loses puck.
5:19 of 1st period - Wrist shot by Evgeni Malkin.
5:19 of 1st period - Deflect By Daniel Sedin.
5:19 of 1st period - Shot Blocked by John Moore.
5:19 of 1st period - Puck is out of play.
5:20 of 1st period - Alexander Ovechkin wins face-off versus Sidney Crosby in Predators zone.
6:22 of 1st period - Penalty to Ryan Kesler is over, Ryan Kesler is back on ice.
6:38 of 1st period - Snap shot by Ryan Kesler.
6:38 of 1st period - Stopped by Ondrej Pavelec with a rebound.
7:51 of 1st period - Sidney Crosby is hit by Maxim Afinogenov and loses puck.
8:04 of 1st period - Stephane Da Costa is hit by John Moore and loses puck.
8:17 of 1st period - Wrist shot by Ryan Kesler.
8:17 of 1st period - Stopped by Ondrej Pavelec without a rebound.
8:18 of 1st period - Ryan Kesler wins face-off versus Daniel Briere in Senateurs zone.
8:59 of 1st period - Snap shot by Alexander Steen.
8:59 of 1st period - Deflect By Ryan Kesler.
8:59 of 1st period - Stopped by Ondrej Pavelec with a rebound.
9:16 of 1st period - Icing by Ryan Kesler.
9:17 of 1st period - Alexander Ovechkin wins face-off versus Daniel Briere in Predators zone.
9:47 of 1st period - Slapshot by Sidney Crosby.
9:47 of 1st period - Shot Misses the Net.
10:07 of 1st period - Snap shot by Justin Abdelkader.
10:07 of 1st period - Shot Misses the Net.
10:09 of 1st period - Slapshot by Ryan Mcdonagh.
10:09 of 1st period - Shot Blocked by Colby Armstrong.
10:15 of 1st period - Snap shot by Justin Abdelkader.
10:15 of 1st period - Goal by Justin Abdelkader - Senateurs : 0 - Predators : 1.
10:16 of 1st period - Mikael Granlund wins face-off versus Sidney Crosby in neutral zone.
10:30 of 1st period - Minor Penalty to Mikael Granlund for Hooking.
10:31 of 1st period - Sidney Crosby wins face-off versus Alexander Ovechkin in Predators zone.
11:08 of 1st period - Slapshot by Dion Phaneuf.
11:08 of 1st period - Stopped by Viktor Fasth without a rebound.
11:09 of 1st period - Andy Miele wins face-off versus Sidney Crosby in Predators zone.
12:30 of 1st period - Penalty to Mikael Granlund is over, Mikael Granlund is back on ice.
13:26 of 1st period - Off-side.
13:27 of 1st period - Nik Antropov wins face-off versus Evgeni Malkin in neutral zone.
13:36 of 1st period - Wrist shot by Evgeni Malkin.
13:36 of 1st period - Stopped by Viktor Fasth without a rebound.
13:37 of 1st period - Alexander Ovechkin wins face-off versus Evgeni Malkin in Predators zone.
14:12 of 1st period - Snap shot by Maxim Afinogenov.
14:12 of 1st period - Shot Misses the Net.
14:36 of 1st period - Snap shot by Daniel Briere.
14:36 of 1st period - Shot Misses the Net.
15:20 of 1st period - Wrist shot by Colby Armstrong.
15:20 of 1st period - Shot Misses the Net.
15:30 of 1st period - Radim Vrbata is hit by Alex Killorn.
15:36 of 1st period - Ryan Mcdonagh is hit by Cody Franson.
16:09 of 1st period - Dion Phaneuf is hit by Mikael Granlund.
16:10 of 1st period - Dion Phaneuf from Senateurs is injured at 16:10 of 1st period (Groin).
16:11 of 1st period - Alexander Ovechkin wins face-off versus Sidney Crosby in Senateurs zone.
16:22 of 1st period - Alexander Ovechkin is hit by Cody Franson and loses puck.
16:42 of 1st period - Wrist shot by Alexander Ovechkin.
16:42 of 1st period - Deflect By Niclas Bergfors.
16:42 of 1st period - Deflect By Colby Armstrong.
16:42 of 1st period - Shot Blocked by Mark Giordano.
16:42 of 1st period - Puck is out of play.
16:43 of 1st period - Niclas Bergfors wins face-off versus Evgeni Malkin in Senateurs zone.
17:12 of 1st period - Maxim Afinogenov is hit by Phil Kessel and loses puck.
17:23 of 1st period - John Moore is hit by Nate Prosser and loses puck.
17:45 of 1st period - Off-side.
17:46 of 1st period - Ryan Kesler wins face-off versus Evgeni Malkin in neutral zone.
18:03 of 1st period - Snap shot by Niclas Bergfors.
18:03 of 1st period - Stopped by Ondrej Pavelec with a rebound.
18:18 of 1st period - Nate Schmidt is hit by Phil Kessel and loses puck.
18:44 of 1st period - Slapshot by Sergei Kostitsyn.
18:44 of 1st period - Shot Blocked by Maxim Afinogenov.
18:56 of 1st period - Snap shot by Joel Armia.
18:56 of 1st period - Stopped by Ondrej Pavelec with a rebound.
18:58 of 1st period - Snap shot by Denis Grebeshkov.
18:58 of 1st period - Stopped by Ondrej Pavelec with a rebound.
19:02 of 1st period - Snap shot by Nik Antropov.
19:02 of 1st period - Stopped by Ondrej Pavelec with a rebound.
19:06 of 1st period - Wrist shot by Nik Antropov.
19:06 of 1st period - Deflect By Justin Abdelkader.
19:06 of 1st period - Stopped by Ondrej Pavelec with a rebound.
19:24 of 1st period - Wrist shot by Daniel Sedin.
19:24 of 1st period - Deflect By Evgeni Malkin.
19:24 of 1st period - Stopped by Viktor Fasth without a rebound.
19:25 of 1st period - Evgeni Malkin wins face-off versus Mikael Granlund in Predators zone.
19:30 of 1st period - Wrist shot by Daniel Sedin.
19:30 of 1st period - Deflect By Alexander Edler.
19:30 of 1st period - Shot Blocked by Ryan Mcdonagh.
19:30 of 1st period - Puck is out of play.
19:31 of 1st period - Evgeni Malkin wins face-off versus Brendan Gallagher in Predators zone.
19:46 of 1st period - Wrist shot by Daniel Sedin.
19:46 of 1st period - Shot Blocked by Brendan Gallagher.
Goals for this period are 0 for Senateurs vs 1 for Predators.
Shots for this period are 5 for Senateurs vs 11 for Predators.
2nd period
0:01 of 2nd period - Mikael Granlund wins face-off versus Phil Kessel in neutral zone.
0:22 of 2nd period - Minor Penalty to Jamie Benn for Holding.
0:23 of 2nd period - Sidney Crosby wins face-off versus Ryan Kesler in Senateurs zone.
0:37 of 2nd period - Slapshot by Alexander Edler.
0:37 of 2nd period - Deflect By Ryan Kesler.
0:37 of 2nd period - Shot Hit the Post.
0:37 of 2nd period - Puck is out of play.
0:38 of 2nd period - Sidney Crosby wins face-off versus Ryan Kesler in Senateurs zone.
0:49 of 2nd period - Wrist shot by Brendan Gallagher.
0:49 of 2nd period - Deflect By Alexander Ovechkin.
0:49 of 2nd period - Shot Blocked by Sidney Crosby.
0:49 of 2nd period - Puck is out of play.
0:50 of 2nd period - Ryan Kesler wins face-off versus Sidney Crosby in Senateurs zone.
1:57 of 2nd period - John Moore is hit by Ryan Hollweg.
2:22 of 2nd period - Penalty to Jamie Benn is over, Jamie Benn is back on ice.
3:15 of 2nd period - Snap shot by Evgeni Malkin.
3:15 of 2nd period - Shot Misses the Net.
3:17 of 2nd period - Slapshot by Evgeni Malkin.
3:17 of 2nd period - Shot Misses the Net.
3:19 of 2nd period - Snap shot by Colby Armstrong.
3:19 of 2nd period - Shot Blocked by Denis Grebeshkov.
3:35 of 2nd period - Off-side.
3:36 of 2nd period - Ryan Kesler wins face-off versus Stephane Da Costa in neutral zone.
3:43 of 2nd period - Snap shot by Ryan Kesler.
3:43 of 2nd period - Stopped by Ondrej Pavelec without a rebound.
3:44 of 2nd period - Mikael Granlund wins face-off versus Stephane Da Costa in Senateurs zone.
4:12 of 2nd period - Ryan Kesler is hit by Cody Franson and loses puck.
4:23 of 2nd period - Snap shot by Ryan Kesler.
4:23 of 2nd period - Stopped by Ondrej Pavelec with a rebound.
4:35 of 2nd period - Alexander Edler is hit by Colby Armstrong and loses puck.
4:59 of 2nd period - Snap shot by Brendan Gallagher.
4:59 of 2nd period - Stopped by Ondrej Pavelec with a rebound.
5:01 of 2nd period - Slapshot by Alexander Edler.
5:01 of 2nd period - Stopped by Ondrej Pavelec with a rebound.
5:34 of 2nd period - Snap shot by Evgeni Malkin.
5:34 of 2nd period - Shot Misses the Net.
6:06 of 2nd period - Off-side.
6:07 of 2nd period - Colby Armstrong wins face-off versus Mikael Granlund in neutral zone.
6:37 of 2nd period - Slapshot by Cody Franson.
6:37 of 2nd period - Stopped by Viktor Fasth without a rebound.
6:38 of 2nd period - Niclas Bergfors wins face-off versus Sidney Crosby in Predators zone.
7:28 of 2nd period - Nate Prosser is hit by Mikael Granlund and loses puck.
7:53 of 2nd period - Snap shot by Maxim Afinogenov.
7:53 of 2nd period - Stopped by Ondrej Pavelec without a rebound.
7:54 of 2nd period - Stephane Da Costa wins face-off versus Mikael Granlund in Senateurs zone.
8:30 of 2nd period - Alexander Edler is hit by Colby Armstrong and loses puck.
8:51 of 2nd period - Mark Giordano is hit by Ryan Mcdonagh and loses puck.
9:04 of 2nd period - Cody Franson is hit by Nik Antropov and loses puck.
9:11 of 2nd period - Snap shot by Phil Kessel.
9:11 of 2nd period - Shot Blocked by Alexander Edler.
9:36 of 2nd period - Snap shot by Mikael Granlund.
9:36 of 2nd period - Stopped by Ondrej Pavelec without a rebound.
9:37 of 2nd period - Ryan Kesler wins face-off versus Sidney Crosby in Senateurs zone.
9:40 of 2nd period - Snap shot by Niclas Bergfors.
9:40 of 2nd period - Shot Misses the Net.
10:15 of 2nd period - Snap shot by Radim Vrbata.
10:15 of 2nd period - Stopped by Viktor Fasth with a rebound.
10:25 of 2nd period - Wrist shot by Evgeni Malkin.
10:25 of 2nd period - Shot Misses the Net.
10:27 of 2nd period - Snap shot by Daniel Sedin.
10:27 of 2nd period - Stopped by Viktor Fasth without a rebound.
10:28 of 2nd period - Ryan Kesler wins face-off versus Evgeni Malkin in Predators zone.
10:44 of 2nd period - Icing by Ryan Kesler.
10:45 of 2nd period - Ryan Kesler wins face-off versus Phil Kessel in Predators zone.
11:34 of 2nd period - John Moore is hit by Sergei Kostitsyn and loses puck.
12:23 of 2nd period - Andy Miele is hit by Evgeni Malkin and loses puck.
13:07 of 2nd period - Icing by Daniel Briere.
13:08 of 2nd period - Andy Miele wins face-off versus Daniel Briere in Senateurs zone.
13:21 of 2nd period - Slapshot by Alex Killorn.
13:21 of 2nd period - Shot Misses the Net.
13:29 of 2nd period - Wrist shot by Sergei Kostitsyn.
13:29 of 2nd period - Shot Misses the Net.
13:52 of 2nd period - Minor Penalty to Justin Abdelkader for Interference.
13:53 of 2nd period - Alexander Ovechkin wins face-off versus Sidney Crosby in Predators zone.
14:05 of 2nd period - Wrist shot by Phil Kessel.
14:05 of 2nd period - Stopped by Viktor Fasth without a rebound.
14:06 of 2nd period - Alexander Ovechkin wins face-off versus Sidney Crosby in Predators zone.
14:39 of 2nd period - Ryan Mcdonagh is hit by Daniel Sedin and loses puck.
15:12 of 2nd period - Wrist shot by Andy Miele.
15:12 of 2nd period - Deflect By Maxim Afinogenov.
15:12 of 2nd period - Shot Misses the Net.
15:12 of 2nd period - Puck is out of play.
15:13 of 2nd period - Andy Miele wins face-off versus Evgeni Malkin in Senateurs zone.
15:14 of 2nd period - Slapshot by Alexander Edler.
15:14 of 2nd period - Shot Blocked by Daniel Sedin.
15:20 of 2nd period - Snap shot by Cody Franson.
15:20 of 2nd period - Stopped by Viktor Fasth without a rebound.
15:21 of 2nd period - Alexander Ovechkin wins face-off versus Sidney Crosby in Predators zone.
15:21 of 2nd period - Alexander Ovechkin is hit by Phil Kessel.
15:52 of 2nd period - Penalty to Justin Abdelkader is over, Justin Abdelkader is back on ice.
16:11 of 2nd period - Snap shot by Sergei Kostitsyn.
16:11 of 2nd period - Stopped by Viktor Fasth with a rebound.
16:13 of 2nd period - Snap shot by Daniel Briere.
16:13 of 2nd period - Stopped by Viktor Fasth without a rebound.
16:14 of 2nd period - Andy Miele wins face-off versus Sidney Crosby in Predators zone.
16:14 of 2nd period - Andy Miele is hit by Duncan Keith.
16:21 of 2nd period - Alexander Edler is hit by Jamie Benn and loses puck.
16:40 of 2nd period - Alex Killorn is hit by Sergei Kostitsyn and loses puck.
16:49 of 2nd period - Andy Miele is hit by Mark Giordano.
17:28 of 2nd period - Slapshot by John Moore.
17:28 of 2nd period - Shot Misses the Net.
17:50 of 2nd period - Snap shot by Ryan Hollweg.
17:50 of 2nd period - Deflect By John Moore.
17:50 of 2nd period - Stopped by Viktor Fasth with a rebound.
18:01 of 2nd period - Off-side.
18:02 of 2nd period - Alexander Ovechkin wins face-off versus Daniel Briere in neutral zone.
18:06 of 2nd period - Off-side.
18:07 of 2nd period - Sidney Crosby wins face-off versus Brendan Gallagher in neutral zone.
18:12 of 2nd period - Snap shot by Sidney Crosby.
18:12 of 2nd period - Shot Blocked by Nate Schmidt.
18:23 of 2nd period - Icing by Denis Grebeshkov.
18:24 of 2nd period - Mikael Granlund wins face-off versus Evgeni Malkin in Predators zone.
18:24 of 2nd period - Mikael Granlund is hit by Daniel Sedin.
18:41 of 2nd period - Wrist shot by Mikael Granlund.
18:41 of 2nd period - Stopped by Ondrej Pavelec with a rebound.
18:43 of 2nd period - Wrist shot by Brendan Gallagher.
18:43 of 2nd period - Stopped by Ondrej Pavelec with a rebound.
18:47 of 2nd period - Snap shot by Alexander Ovechkin.
18:47 of 2nd period - Shot Blocked by Mark Giordano.
18:49 of 2nd period - Slapshot by Denis Grebeshkov.
18:49 of 2nd period - Shot Misses the Net.
18:59 of 2nd period - Wrist shot by Mikael Granlund.
18:59 of 2nd period - Shot Blocked by Evgeni Malkin.
19:01 of 2nd period - Wrist shot by Alexander Ovechkin.
19:01 of 2nd period - Stopped by Ondrej Pavelec without a rebound.
19:02 of 2nd period - Jamie Benn wins face-off versus Ryan Kesler in Senateurs zone.
19:39 of 2nd period - Minor Penalty to Maxim Afinogenov for Hooking.
19:40 of 2nd period - Alexander Ovechkin wins face-off versus Sidney Crosby in Predators zone.
Goals for this period are 0 for Senateurs vs 0 for Predators.
Shots for this period are 8 for Senateurs vs 9 for Predators.
3rd period
0:01 of 3rd period - Alexander Ovechkin wins face-off versus Sidney Crosby in neutral zone.
1:35 of 3rd period - Icing by Colby Armstrong.
1:36 of 3rd period - Alexander Ovechkin wins face-off versus Evgeni Malkin in Senateurs zone.
1:39 of 3rd period - Penalty to Maxim Afinogenov is over, Maxim Afinogenov is back on ice.
2:03 of 3rd period - Slapshot by Alexander Edler.
2:03 of 3rd period - Deflect By Maxim Afinogenov.
2:03 of 3rd period - Shot Blocked by Carlo Colaiacovo.
2:03 of 3rd period - Puck is out of play.
2:04 of 3rd period - Nik Antropov wins face-off versus Sidney Crosby in Senateurs zone.
2:07 of 3rd period - Slapshot by John Moore.
2:07 of 3rd period - Deflect By Nik Antropov.
2:07 of 3rd period - Shot Blocked by Nate Prosser.
2:07 of 3rd period - Puck is out of play.
2:08 of 3rd period - Sidney Crosby wins face-off versus Nik Antropov in Senateurs zone.
2:35 of 3rd period - John Moore is hit by Daniel Briere.
2:44 of 3rd period - John Moore is hit by Nate Prosser and loses puck.
3:17 of 3rd period - Wrist shot by Sidney Crosby.
3:17 of 3rd period - Stopped by Viktor Fasth without a rebound.
3:18 of 3rd period - Stephane Da Costa wins face-off versus Ryan Kesler in Predators zone.
3:19 of 3rd period - Wrist shot by Sidney Crosby.
3:19 of 3rd period - Stopped by Viktor Fasth with a rebound.
3:21 of 3rd period - Snap shot by Sidney Crosby.
3:21 of 3rd period - Shot Misses the Net.
3:29 of 3rd period - Wrist shot by Stephane Da Costa.
3:29 of 3rd period - Stopped by Viktor Fasth with a rebound.
3:31 of 3rd period - Slapshot by Arturs Kulda.
3:31 of 3rd period - Deflect By Sidney Crosby.
3:31 of 3rd period - Shot Blocked by Ryan Mcdonagh.
3:31 of 3rd period - Puck is out of play.
3:32 of 3rd period - Jamie Benn wins face-off versus Mikael Granlund in Predators zone.
3:35 of 3rd period - Snap shot by Sidney Crosby.
3:35 of 3rd period - Shot Misses the Net.
3:43 of 3rd period - Sidney Crosby is hit by Brendan Gallagher and loses puck.
4:00 of 3rd period - Minor Penalty to Evgeni Malkin for Hooking.
4:01 of 3rd period - Sidney Crosby wins face-off versus Ryan Kesler in Senateurs zone.
4:33 of 3rd period - Slapshot by John Moore.
4:33 of 3rd period - Shot Blocked by Ryan Hollweg.
4:35 of 3rd period - Slapshot by Mikael Granlund.
4:35 of 3rd period - Shot Misses the Net.
6:00 of 3rd period - Penalty to Evgeni Malkin is over, Evgeni Malkin is back on ice.
6:25 of 3rd period - John Moore is hit by Evgeni Malkin and loses puck.
7:16 of 3rd period - Sergei Kostitsyn is hit by Alexander Edler and loses puck.
8:10 of 3rd period - Minor Penalty to Ryan Mcdonagh for Holding.
8:11 of 3rd period - Sidney Crosby wins face-off versus Alexander Ovechkin in Predators zone.
8:53 of 3rd period - Snap shot by Andy Miele.
8:53 of 3rd period - Goal by Andy Miele - Senateurs : 0 - Predators : 2.
8:54 of 3rd period - Alexander Ovechkin wins face-off versus Sidney Crosby in neutral zone.
9:03 of 3rd period - Slapshot by Mark Giordano.
9:03 of 3rd period - Deflect By Jamie Benn.
9:03 of 3rd period - Shot Blocked by Ryan Murray.
9:03 of 3rd period - Puck is out of play.
9:04 of 3rd period - Alexander Ovechkin wins face-off versus Sidney Crosby in Predators zone.
9:43 of 3rd period - Wrist shot by Evgeni Malkin.
9:43 of 3rd period - Shot Misses the Net.
10:10 of 3rd period - Penalty to Ryan Mcdonagh is over, Ryan Mcdonagh is back on ice.
10:59 of 3rd period - Wrist shot by Mikael Granlund.
10:59 of 3rd period - Stopped by Ondrej Pavelec without a rebound.
11:00 of 3rd period - Mikael Granlund wins face-off versus Daniel Briere in Senateurs zone.
11:25 of 3rd period - Niclas Bergfors is hit by Cody Franson and loses puck.
12:06 of 3rd period - Slapshot by Sergei Kostitsyn.
12:06 of 3rd period - Stopped by Viktor Fasth with a rebound.
12:27 of 3rd period - Snap shot by Alexander Ovechkin.
12:27 of 3rd period - Shot Hit the Post.
12:29 of 3rd period - Snap shot by Alexander Ovechkin.
12:29 of 3rd period - Shot Blocked by Mark Giordano.
12:31 of 3rd period - Slapshot by Alexander Edler.
12:31 of 3rd period - Stopped by Ondrej Pavelec with a rebound.
12:33 of 3rd period - Snap shot by Brendan Gallagher.
12:33 of 3rd period - Stopped by Ondrej Pavelec without a rebound.
12:34 of 3rd period - Evgeni Malkin wins face-off versus Mikael Granlund in Senateurs zone.
12:34 of 3rd period - Evgeni Malkin is hit by John Moore.
12:47 of 3rd period - Wrist shot by Mikael Granlund.
12:47 of 3rd period - Stopped by Ondrej Pavelec with a rebound.
12:49 of 3rd period - Wrist shot by Mikael Granlund.
12:49 of 3rd period - Shot Misses the Net.
12:51 of 3rd period - Snap shot by Alexander Ovechkin.
12:51 of 3rd period - Shot Misses the Net.
12:53 of 3rd period - Wrist shot by Mikael Granlund.
12:53 of 3rd period - Shot Blocked by Daniel Sedin.
13:27 of 3rd period - Snap shot by Brendan Gallagher.
13:27 of 3rd period - Shot Hit the Post.
13:29 of 3rd period - Wrist shot by Ryan Murray.
13:29 of 3rd period - Stopped by Ondrej Pavelec without a rebound.
13:30 of 3rd period - Ryan Kesler wins face-off versus Sidney Crosby in Senateurs zone.
13:59 of 3rd period - Slapshot by Sergei Kostitsyn.
13:59 of 3rd period - Shot Misses the Net.
14:01 of 3rd period - Wrist shot by Radim Vrbata.
14:01 of 3rd period - Shot Misses the Net.
14:03 of 3rd period - Slapshot by Carlo Colaiacovo.
14:03 of 3rd period - Deflect By Daniel Briere.
14:03 of 3rd period - Stopped by Viktor Fasth without a rebound.
14:04 of 3rd period - Alex Killorn wins face-off versus Daniel Briere in Predators zone.
14:36 of 3rd period - Off-side.
14:37 of 3rd period - Mikael Granlund wins face-off versus Sidney Crosby in neutral zone.
15:36 of 3rd period - Snap shot by Daniel Briere.
15:36 of 3rd period - Stopped by Viktor Fasth without a rebound.
15:37 of 3rd period - Andy Miele wins face-off versus Phil Kessel in Predators zone.
15:48 of 3rd period - Slapshot by Maxim Afinogenov.
15:48 of 3rd period - Stopped by Ondrej Pavelec with a rebound.
16:04 of 3rd period - Alexander Ovechkin is hit by Colby Armstrong and loses puck.
16:31 of 3rd period - Snap shot by Daniel Briere.
16:31 of 3rd period - Stopped by Viktor Fasth with a rebound.
16:33 of 3rd period - Slapshot by Radim Vrbata.
16:33 of 3rd period - Stopped by Viktor Fasth without a rebound.
16:34 of 3rd period - Sidney Crosby wins face-off versus Andy Miele in Predators zone.
17:03 of 3rd period - Slapshot by Evgeni Malkin.
17:03 of 3rd period - Deflect By Colby Armstrong.
17:03 of 3rd period - Stopped by Viktor Fasth without a rebound.
17:04 of 3rd period - Colby Armstrong wins face-off versus Mikael Granlund in Predators zone.
17:13 of 3rd period - Wrist shot by Daniel Sedin.
17:13 of 3rd period - Goal by Daniel Sedin - Senateurs : 1 - Predators : 2.
17:14 of 3rd period - Andy Miele wins face-off versus Sidney Crosby in neutral zone.
17:23 of 3rd period - Wrist shot by Andy Miele.
17:23 of 3rd period - Shot Blocked by Cody Franson.
17:25 of 3rd period - Slapshot by Maxim Afinogenov.
17:25 of 3rd period - Shot Misses the Net.
17:27 of 3rd period - Snap shot by Maxim Afinogenov.
17:27 of 3rd period - Stopped by Ondrej Pavelec without a rebound.
17:28 of 3rd period - Sidney Crosby wins face-off versus Andy Miele in Senateurs zone.
18:00 of 3rd period - Snap shot by Colby Armstrong.
18:00 of 3rd period - Stopped by Viktor Fasth without a rebound.
18:01 of 3rd period - Sidney Crosby wins face-off versus Mikael Granlund in Predators zone.
18:12 of 3rd period - Snap shot by Alexander Ovechkin.
18:12 of 3rd period - Goal by Alexander Ovechkin - Senateurs : 1 - Predators : 3.
18:13 of 3rd period - Andy Miele wins face-off versus Stephane Da Costa in neutral zone.
18:16 of 3rd period - Slapshot by Ryan Mcdonagh.
18:16 of 3rd period - Stopped by Ondrej Pavelec without a rebound.
18:17 of 3rd period - Andy Miele wins face-off versus Stephane Da Costa in Senateurs zone.
18:28 of 3rd period - Slapshot by Mark Giordano.
18:28 of 3rd period - Deflect By Andy Miele.
18:28 of 3rd period - Stopped by Viktor Fasth without a rebound.
18:29 of 3rd period - Andy Miele wins face-off versus Stephane Da Costa in Predators zone.
18:42 of 3rd period - Snap shot by Sidney Crosby.
18:42 of 3rd period - Shot Blocked by Ryan Mcdonagh.
18:44 of 3rd period - Slapshot by Mark Giordano.
18:44 of 3rd period - Shot Blocked by Alexander Edler.
19:21 of 3rd period - John Moore is hit by Phil Kessel.
19:33 of 3rd period - Jamie Benn is hit by Justin Abdelkader and loses puck.
19:40 of 3rd period - Ryan Murray is hit by Sidney Crosby and loses puck.
Goals for this period are 1 for Senateurs vs 2 for Predators.
Shots for this period are 12 for Senateurs vs 10 for Predators.
Back to the Top